 Dungeon Crawl Stone Soup version 0.30-a0-394-g3e4acdb0ae (webtiles) character file.

Game seed: 14181490148275493409

358868 Midn8 the Warrior (level 20, -3/191 HPs)
             Began as a Demigod Fire Elementalist on Dec 6, 2022.
             Slain by Vv (22 damage)
             ... on level 2 of the Depths on Dec 7, 2022.
             The game lasted 03:13:17 (56931 turns).

Midn8 the Warrior (Demigod Fire Elementalist)      Turns: 56931, Time: 03:13:17

Health: -3/191     AC: 26    Str:  7    XL:     20   Next: 57%
Magic:  23/52      EV: 20    Int: 43    God:
Gold:   3217       SH: 15    Dex: 27    Spells: 13/47 levels left

rFire   + . .      SeeInvis .    O - +4 hand axe of Keif {holy, rElec rCorr Str-4 Int+10}
rCold   + . .      Faith    .    t - +1 kite shield {AC+3}
rNeg    + . .      Spirit   .    A - +1 steam dragon scales
rPois   +          Reflect  .    u - +2 helmet
rElec   +          Harm     .    s - +2 cloak {rC+}
rCorr   +          Rampage  .    r - +2 pair of gloves
Will    +++..                    l - +2 pair of boots
Stlth   +++.......               J - amulet of Asmefun {RegenMP rN+ Dex+5 Slay-5}
HPRegen 0.51/turn                E - ring "Cufy" {rPois Will+}
MPRegen 0.73/turn                R - ring "Lidweblo" {rPois rF+ MP+9 Str+2}

@: about to teleport, slightly contaminated, studying Throwing
A: high MP 1, forlorn, divine attributes
}: 2/15 runes: serpentine, barnacled
a: no special abilities


You were on level 2 of the Depths.
You visited 7 branches of the dungeon, and saw 36 of its levels.
You also visited: Ice Cave and Volcano.

You collected 4301 gold pieces.
You spent 1084 gold pieces at shops.

Inventory:

Hand Weapons
 O - the +4 hand axe of Keif (weapon) {holy, rElec rCorr Str-4 Int+10}
   (You found it on level 11 of the Dungeon)

   It has been blessed by the Shining One to cause great damage to the undead
   and demons.
   Str:       It affects your strength (-4).
   Int:       It affects your intelligence (+10).
   rElec:     It insulates you from electricity.
   rCorr:     It protects you from acid and corrosion.
Missiles
 p - 14 curare-tipped darts
 x - 8 throwing nets
 L - 41 poisoned darts
Armour
 l - a +2 pair of boots (worn)
 r - a +2 pair of gloves (worn)
 s - a +2 cloak of cold resistance (worn)
 t - a +1 kite shield of protection (worn)
 u - a +2 helmet (worn)
 A - +1 steam dragon scales (worn)
Jewellery
 j - the ring "Busith" {Fly rF+ rC++ rN+ Slay+6}
   (You took it off a rakshasa on level 2 of the Depths)

   [ring of flight]

   Slay:      It affects your accuracy & damage with ranged weapons and melee
   (+6).
   rF:        It protects you from fire.
   rC:        It greatly protects you from cold.
   rN:        It protects you from negative energy.
   Fly:       It grants you flight.
 z - a +6 ring of intelligence
 E - the ring "Cufy" (left hand) {rPois Will+}
   (You found it on level 4 of the Shoals)

   [ring of poison resistance]

   rPois:     It protects you from poison.
   Will:      It increases your willpower.
 F - a +4 ring of protection
 J - the amulet of Asmefun (around neck) {RegenMP rN+ Dex+5 Slay-5}
   (You found it on level 3 of the Snake Pit)

   [amulet of magic regeneration]

   It increases your rate of magic regeneration.
   Dex:       It affects your dexterity (+5).
   Slay:      It affects your accuracy & damage with ranged weapons and melee
   (-5).
   rN:        It protects you from negative energy.
 R - the ring "Lidweblo" (right hand) {rPois rF+ MP+9 Str+2}
   (You bought it in a shop on level 4 of the Dungeon)

   [ring of magical power]

   Str:       It affects your strength (+2).
   rF:        It protects you from fire.
   rPois:     It protects you from poison.
   MP:        It affects your magic capacity (+9).
Wands
 n - a wand of flame (150)
 y - a wand of acid (19)
 D - a wand of mindburst (57)
 G - a wand of iceblast (34)
 I - a wand of charming (39)
 N - a wand of polymorph (16)
 U - a wand of digging (14)
Scrolls
 a - 2 scrolls of poison
 e - 8 scrolls of fear
 f - 8 scrolls of immolation
 h - 13 scrolls of teleportation
 m - 6 scrolls of enchant weapon
 q - 8 scrolls of amnesia
 B - 4 scrolls of blinking
 M - 8 scrolls of butterflies
 S - 3 scrolls of summoning
 W - 2 scrolls of silence
 X - 3 scrolls of magic mapping
Potions
 b - 5 potions of magic
 c - 6 potions of haste
 g - 3 potions of berserk rage
 i - 4 potions of might
 k - 7 potions of brilliance
 o - 15 potions of curing
 v - 5 potions of attraction
 w - 2 potions of resistance
 C - 12 potions of heal wounds
 H - 5 potions of ambrosia
 K - 6 potions of invisibility
 P - 5 potions of flight
 T - 4 potions of cancellation
 Z - 3 potions of mutation
Miscellaneous
 d - a phial of floods
 Q - a piece from Xom's chessboard (15/15)
 V - a condenser vane
 Y - a phantom mirror


   Skills:
 + Level 19.2 Fighting
 - Level 12.5 Armour
 - Level 10.0 Dodging
 - Level 1.7 Stealth
 - Level 10.0 Shields
 - Level 14.0 Spellcasting
 - Level 16.0 Conjurations
 - Level 7.0 Transmutations
 - Level 13.0 Fire Magic
 - Level 10.0 Evocations


You had 13 spell levels left.
You knew the following spells:

 Your Spells              Type           Power      Damage    Failure   Level
a - Foxfire               Conj/Fire      100%       2x1d9     0%          1
b - Beastly Appendage     Tmut           100%       N/A       1%          1
d - Flame Wave            Conj/Fire      100%       2d21      1%          4
f - Fireball              Conj/Fire      50%        3d20      1%          5
r - Irradiate             Conj/Tmut      45%        3d26      1%          5
s - Scorch                Fire           100%       2d10      0%          2
t - Orb of Destruction    Conj           53%        9d13      2%          7
x - Starburst             Conj/Fire      50%        6d14      1%          6
B - Blink                 Tloc           60%        N/A       3%          2
P - Apportation           Tloc           60%        N/A       1%          1

Your spell library contained the following spells:

 Spells                   Type           Power      Damage    Failure   Level
 Kiss of Death            Conj/Necr      100%       2d13      1%          1
 Necrotise                Necr           100%       1d9       1%          1
 Sting                    Tmut/Pois      100%       1d8       1%          1
 Summon Small Mammal      Summ           100%       N/A       1%          1
 Momentum Strike          Conj/Tloc      100%       3d10      1%          2
 Passwall                 Tmut/Erth      47%        N/A       1%          2
 Wereblood                Tmut           74%        N/A       1%          2
 Dazzling Flash           Conj/Hex       100%       N/A       1%          3
 Hailstorm                Conj/Ice       78%        3d16      1%          3
 Inner Flame              Hex/Fire       72%        N/A       1%          3
 Kindle Blastsparks       Fire/Tloc/Air  100%       2d18      1%          3
 Mephitic Cloud           Conj/Pois/Air  66%        N/A       1%          3
 Spider Form              Tmut/Pois      57%        N/A       1%          3
 Stone Arrow              Conj/Erth      100%       3d13      1%          3
 Iskenderun's Mystic Bla  Conj/Tloc      78%        2d16      1%          4
 Cigotuvi's Dreadful Rot  Necr/Pois/Air  60%        N/A       3%          2
 Ensorcelled Hibernation  Hex/Ice        60%        N/A       3%          2
 Poisonous Vapours        Pois/Air       60%        N/A       3%          2
 Call Canine Familiar     Summ           30%        N/A       6%          3
 Confusing Touch          Hex            30%        N/A       6%          3
 Gell's Gravitas          Tloc           30%        N/A       6%          3
 Lesser Beckoning         Tloc           60%        N/A       6%          3
 Ozocubu's Armour         Ice            30%        N/A       6%          3
 Portal Projectile        Hex/Tloc       60%        N/A       6%          3
 Summon Guardian Golem    Hex/Summ       30%        N/A       6%          3
 Tukima's Dance           Hex            30%        N/A       6%          3
 Vampiric Draining        Necr           30%        2d8       6%          3
 Freezing Cloud           Conj/Ice/Air   33%        6-21      7%          5
 Conjure Ball Lightning   Conj/Air       39%        3x3d13    12%         6
 Alistair's Intoxication  Tmut/Pois      38%        N/A       14%         5
 Yara's Violent Unravell  Hex/Tmut       28%        3d12      14%         5
 Anguish                  Hex/Necr       15%        N/A       21%         4
 Cause Fear               Hex            15%        N/A       21%         4
 Dispel Undead            Necr           30%        3d14      21%         4
 Leda's Liquefaction      Hex/Erth       15%        N/A       21%         4
 Manifold Assault         Tloc           30%        N/A       21%         4
 Olgreb's Toxic Radiance  Pois           30%        N/A       21%         4
 Passage of Golubria      Tloc           30%        N/A       21%         4
 Agony                    Necr           30%        N/A       50%         5
 Borgnjor's Vile Clutch   Necr/Erth      15%        N/A       50%         5
 Lee's Rapid Deconstruct  Erth           15%        3d10*     50%         5
 Metabolic Englaciation   Hex/Ice        15%        N/A       50%         5
 Spellforged Servitor     Conj/Summ      39%        N/A       54%         7
 Eringya's Noxious Bog    Tmut/Pois      28%        N/A       58%         6
 Statue Form              Tmut/Erth      38%        N/A       58%         6
 Simulacrum               Ice/Necr       15%        N/A       97%         6
 Ozocubu's Refrigeration  Ice            15%        4d10      100%        7
 Discord                  Hex            15%        N/A       100%        8
 Disjunction              Tloc           15%        N/A       100%        8
 Dragon's Call            Summ           15%        N/A       100%        9
 Polar Vortex             Ice            15%        N/A       100%        9


Dungeon Overview and Level Annotations

Branches:
Dungeon (15/15)            Temple (0/1) D:4            Lair (5/5) D:9
 Shoals (4/4) Lair:2        Snake (4/4) Lair:2        Slime (0/5) Lair:4
    Orc (2/2) D:12            Elf (0/3) Orc:2        Vaults (4/5) D:13
  Crypt (0/3) Vaults:3     Depths (2/4) D:15          IceCv (visited)
Volcano (visited)

Shops:
D:4 =   Orc:2 (((*:[   Vaults:2 (

Portals:
Hell: Depths:1 Depths:2
Abyss: D:13
Pandemonium: Depths:2
Trove: D:12 (give 8 potions of haste)

Annotations:
D:14 3 runed translucent doors, Nustrige's ghost, adept OpWn
Snake:4 Saint Roka
Orc:1 3 runed translucent doors, SirDiesAlot's ghost, journeyman MiHu
Vaults:2 2 transporters
Depths:2 Vv


Innate Abilities, Weirdness & Mutations

You have an increased reservoir of magic. (+10% MP)
You shall have no god before yourself.
Your divine heritage dramatically boosts your attributes as you level up.


Message History

Casting: Irradiate (mildly dangerous; 1% risk of failure)
Confirm with . or Enter, or press ? or * to list all spells.
You erupt in a fountain of uncontrolled magic!
Vv is blasted with magical radiation!
Vv is moderately damaged.
You are lightly contaminated with residual magic.
Vv hits you but does no damage. Vv barely misses you.
Casting: Irradiate (mildly dangerous; 1% risk of failure)
Confirm with . or Enter, or press ? or * to list all spells.
You erupt in a fountain of uncontrolled magic!
Vv is blasted with magical radiation!!
Vv is heavily damaged.
Vv hits you but does no damage. You block Vv's attack.
Unknown command.
Vv attacks as you move away! Vv hits you! Vv freezes you!! You resist.
Vv closely misses you. Vv attacks as you move away! Vv hits you!
Vv freezes you!! You resist.
* * * LOW HITPOINT WARNING * * *
Vv barely misses you.
Vv calls freezing cold from the walls.
The frost grips you but does no damage. You resist.
You are encased in ice.
The deep troll earth mage points next to you and mumbles some strange words.
The wall shatters!
The blast of rock fragments hits you but does no damage.
As you read the scroll of teleportation, it crumbles to dust.
You feel strangely unstable.
Vv calls freezing cold from the walls.
The frost grips you!! You resist.
* * * LOW HITPOINT WARNING * * *
You feel much better. The ice encasing you melts away. Vv hits you.
* * * LOW HITPOINT WARNING * * *
Vv freezes you!! You resist.
* * * LOW HITPOINT WARNING * * *
Vv hits you!
* * * LOW HITPOINT WARNING * * *
You are engulfed in flames!!
You resist.
You die...

........#......#...#.# #.....
..##..).'...).##...#.## #.....
..##)...#....##....#..# #.....
..##....'.).##.....##.## #..>..
..).....#.).#......##..## ##.....
.).....###...)).).####..###..#'##
......## ##......'#..##..#..##.##
#....## ##....##)..[##...##....
##..## ##..#@......##.###..##
#### ####9...##..### #..#
#....#.....# #..# #.T.#(.#...#
#### #))#.).....# #[).#..#...#
#....#.....# # ####.....#..### ..
##..#'......##.#


You could see Vv and a deep troll earth mage.

Vanquished Creatures
  Sojobo (Vaults:3)
  Vashnia (Snake:4)
  Nikola (Snake:2)
  Rupert (D:12)
  Asterion (Snake:2)
  A lich (Depths:1)
  Frances (Snake:2)
  3 sphinxes
  Polyphemus (Shoals:4)
  3 ancient champions (Depths:2)
  Gastronok (Lair:3)
  Agnes (Snake:4)
  4 nagarajas
  3 tengu reavers (Vaults:4)
  5 fire giants
  A frost giant (Depths:2)
  Aizul (Snake:4)
  13 vault wardens
  A reaper (IceCv)
  Louise (Snake:4)
  10 stone giants
  2 spriggan defenders
  13 very ugly things
  13 ironbound preservers
  4 orc warlords
  8 ironbound thunderhulks
  3 vampire knights
  2 spark wasps (Depths:1)
  12 dire elephants
  The ghost of purpskrrrp the Impaler, a journeyman MfFi of Gozag (D:12)
  11 merfolk impalers
  5 jiangshi (Depths:1)
  3 ettins
  5 great orbs of eyes
  4 entropy weavers
  5 fire dragons
  4 merfolk javelineers
  7 vault guards
  2 spriggan zombies (Depths:1)
  4 ice dragons
  12 yaktaur captains
  A peacekeeper (Vaults:3)
  3 salamander tyrants
  4 rakshasas
  A spriggan air mage (Depths:1)
  3 merfolk avatars
  4 hydras
  9 ironbound frosthearts
  Erica (D:8)
  A caustic shrike simulacrum (Depths:2)
  An alligator snapping turtle (Shoals:2)
  12 centaur warriors
  2 catoblepae
  3 merfolk aquamancers (Shoals:4)
  4 two-headed ogres
  8 anacondas
  6 boulder beetles
  4 satyrs
  3 deep troll earth magi (Depths:2)
  A titan zombie (Depths:2)
  2 death knights
  15 naga warriors
  8 naga sharpshooters
  9 death yaks
  3 tengu warriors
  4 vampire magi
  3 spriggan berserkers (Depths:2)
  9 shock serpents
  Urug (Lair:2)
  6 orc high priests (Orc:2)
  3 hell knights
  Nergalle (Lair:2)
  11 sea snakes
  An iron troll (Depths:2)
  9 salamander mystics
  A sixfirhy (Depths:2)
  2 goliath frogs (Lair:5)
  A storm dragon skeleton (Depths:2)
  4 naga ritualists
  41 deep trolls
  A shadow dragon zombie (Depths:1)
  10 ironbound convokers
  A tengu zombie (Depths:1)
  21 harpies
  3 glowing orange brains
  A golden dragon skeleton (Depths:2)
  9 orc knights
  7 phantasmal warriors
  8 lindwurms
  11 wizards
  A deep elf pyromancer (D:15)
  5 necromancers
  9 cyclopes
  5 orc sorcerers (Orc:2)
  12 fauns
  2 tengu skeletons
  10 mana vipers
  19 salamanders
  41 ugly things
  A salamander (shapeshifter) (D:15)
  2 rust devils (Depths:2)
  13 manticores
  2 ice statues (IceCv)
  25 black mambas
  7 elephants
  13 merfolk sirens
  6 guardian serpents
  11 vault sentinels
  20 naga magi
  4 water nymphs
  A gargoyle (D:13)
  Maggie (D:7)
  3 torpor snails
  An unseen horror (D:12)
  22 cane toads
  An efreet (D:14)
  4 komodo dragons
  2 anaconda simulacra (IceCv)
  5 tengu conjurers
  6 ice devils
  2 kobold demonologists
  5 rime drakes
  4 freezing wraiths
  2 hellwings (Depths:2)
  33 yaktaurs
  Psyche (D:8)
  6 trolls
  32 merfolk
  A queen bee (Lair:2)
  4 polar bears
  7 tyrant leeches
  A queen bee (shapeshifter) (D:14)
  2 tarantellas (Vaults:2)
  6 wind drakes
  16 blink frogs
  4 meliai
  A frost giant simulacrum (Vaults:2)
  A wolf spider simulacrum (D:12)
  13 dream sheep
  32 slime creatures
  10 snapping turtles
  7 hornets
  An ettin zombie (Depths:1)
  4 spriggans
  A shadow (D:12)
  3 ynoxinuls (Depths:2)
  4 water elementals
  59 yaks
  2 centaur simulacra
  5 wraiths
  8 wyverns
  16 humans
  7 basilisks
  3 vampires (Vaults:3)
  2 steam dragons
  4 death yak simulacra
  2 redbacks (Vaults:2)
  Grum (D:8)
  12 vampire mosquitoes
  5 wargs
  7 water moccasins
  46 nagas
  An acid dragon (D:13)
  Duvessa (D:7)
  2 black bears
  An elf simulacrum (Vaults:2)
  5 ice beasts
  28 orc warriors
  9 ogres
  7 wolves
  16 centaurs
  A phantom (D:6)
  2 human zombies (Vaults:2)
  3 kobold brigands
  3 gnoll sergeants
  A necrophage (D:6)
  20 bullfrogs
  A scorpion (shapeshifter) (D:15)
  4 scorpions
  3 two-headed ogre simulacra (IceCv)
  3 wights
  Dowan (D:7)
  3 elephant simulacra
  39 killer bees
  12 howler monkeys
  14 jellies
  5 hounds
  A human simulacrum (Vaults:2)
  9 orc priests
  2 iguanas
  Natasha (thrice) (D:2)
  16 orc wizards
  A polar bear simulacrum (Lair:4)
  A troll simulacrum (IceCv)
  A spriggan simulacrum (IceCv)
  16 gnolls
  3 naga simulacra (IceCv)
  5 adders
  7 shadow imps
  4 white imps
  3 ufetubi (IceCv)
  3 worms
  2 dart slugs (D:1)
  84 orcs
  15 endoplasms
  4 giant cockroaches
  5 goblins
  11 hobgoblins
  4 jackals
  22 kobolds
  6 quokkas
  3 training dummies (Orc:2)
  12 ball pythons
  4 bats (D:1)
  4 frilled lizards
  5 rats
  2 bushes (Lair:5)
  A lurking horror (D:13)
1532 creatures vanquished.

Vanquished Creatures (collateral kills)
  11 foxfires
11 creatures vanquished.

Vanquished Creatures (others)
  2 jellies (Lair:4)
  1103 foxfires
  83 fungi
  193 plants
1381 creatures vanquished.

Grand Total: 2924 creatures vanquished

Notes
Turn   | Place    | Note
-------+----------+-------------------------------------------
     0 | D:1      | Midn8 the Demigod Fire Elementalist began the quest for the
                  | Orb.
     0 | D:1      | Reached XP level 1. HP: 14/14 MP: 5/5
   226 | D:1      | Found a large runed translucent door.
   226 | D:1      | Found a large runed translucent door.
   290 | D:1      | Reached XP level 2. HP: 20/20 MP: 5/8
   935 | D:1      | Reached XP level 3. HP: 26/26 MP: 8/10
   938 | D:1      | Learned a level 2 spell: Scorch
  1341 | D:2      | Noticed Natasha
  1406 | D:2      | Killed Natasha
  1627 | D:2      | Noticed Natasha
  1633 | D:2      | Killed Natasha
  1634 | D:2      | Reached XP level 4. HP: 17/33 MP: 4/12
  2011 | D:2      | Noticed Natasha
  2019 | D:2      | Killed Natasha
  2863 | D:3      | Reached XP level 5. HP: 38/38 MP: 4/14
  2978 | D:3      | Reached skill level 1 in Conjurations
  3624 | D:4      | Learned a level 4 spell: Flame Wave
  3629 | D:4      | Reached skill level 1 in Fighting
  3897 | D:4      | Noticed an ogre
  3903 | D:4      | Killed an ogre
  3904 | D:4      | Reached skill level 2 in Fighting
  3904 | D:4      | Reached XP level 6. HP: 48/48 MP: 8/15
  4124 | D:4      | Got the Monograph on Blasting and the Quarry
  4263 | D:4      | Found a staircase to the Ecumenical Temple.
  4389 | D:4      | Found Fitenn's Jewellery Boutique.
  4763 | D:5      | Entered Level 5 of the Dungeon
  4952 | D:5      | Found a transporter.
  5181 | D:5      | Found a transporter.
  5227 | D:5      | Reached XP level 7. HP: 55/55 MP: 8/16
  5811 | D:5      | Reached skill level 5 in Fire Magic
  6012 | D:6      | Reached skill level 5 in Conjurations
  6381 | D:6      | Reached XP level 8. HP: 61/61 MP: 6/17
  6797 | D:6      | Reached skill level 3 in Fighting
  7040 | D:7      | Noticed Maggie
  7085 | D:7      | Killed Maggie
  7086 | D:7      | Reached skill level 4 in Fighting
  7459 | D:7      | Reached skill level 5 in Fighting
  7940 | D:7      | Reached XP level 9. HP: 72/75 MP: 5/18
  8109 | D:7      | Reached skill level 6 in Fighting
  8169 | D:7      | Noticed Dowan
  8184 | D:7      | Killed Dowan
  8269 | D:7      | Noticed Duvessa
  8275 | D:7      | Killed Duvessa
  8276 | D:7      | Reached skill level 5 in Spellcasting
  8816 | D:4      | Bought a +4 ring of protection for 360 gold pieces
  8878 | D:8      | Noticed Psyche
  8890 | D:8      | Killed Psyche
  9006 | D:8      | Reached skill level 1 in Evocations
  9018 | D:8      | Noticed Grum
  9313 | D:8      | Reached skill level 5 in Evocations
  9315 | D:8      | Reached skill level 1 in Armour
  9317 | D:8      | Reached XP level 10. HP: 82/83 MP: 6/22
  9479 | D:8      | Noticed Erica
  9489 | D:8      | Killed Erica
  9545 | D:8      | Learned a level 5 spell: Fireball
  9567 | D:8      | Killed Grum
 10647 | D:9      | Noticed a two-headed ogre
 10655 | D:9      | Killed a two-headed ogre
 10733 | D:9      | Noticed a soul eater
 10957 | D:9      | Noticed a two-headed ogre
 10962 | D:9      | Reached skill level 5 in Dodging
 10967 | D:9      | Killed a two-headed ogre
 10968 | D:9      | Reached XP level 11. HP: 65/89 MP: 3/24
 11293 | D:9      | Found a staircase to the Lair.
 11543 | D:10     | Entered Level 10 of the Dungeon
 12262 | D:10     | Noticed an angel
 12263 | D:10     | Noticed a green death
 12298 | D:10     | Saw a vision of the Shoals and the Snake Pit.
 12298 | D:10     | Noticed a merfolk javelineer
 12298 | D:10     | Noticed a sea snake
 12298 | D:10     | Noticed a naga warrior
 12448 | D:11     | Learned a level 1 spell: Beastly Appendage
 12454 | D:11     | Learned a level 5 spell: Irradiate
 12469 | D:11     | Identified the +4 hand axe of Keif {holy, rElec rCorr Str-4
                  | Int+10}
 13614 | Lair:1   | Entered Level 1 of the Lair of Beasts
 14095 | Lair:1   | Learned a level 2 spell: Blink
 14156 | Lair:1   | Reached skill level 7 in Fighting
 14574 | Lair:1   | Reached skill level 8 in Fighting
 15034 | Lair:2   | Found a dark tunnel.
 15053 | Lair:2   | Noticed Nergalle
 15062 | Lair:2   | Reached skill level 9 in Fighting
 15227 | Lair:2   | Killed Nergalle
 15348 | Volcano  | Entered a volcano
 15421 | Lair:2   | Reached skill level 10 in Fighting
 15497 | D:8      | Reached skill level 1 in Transmutations
 15594 | D:4      | Bought an amulet of magic regeneration for 300 gold pieces
 15903 | Lair:2   | Noticed Urug
 15922 | Lair:2   | Killed Urug
 15963 | Lair:2   | Reached XP level 12. HP: 98/106 MP: 12/26
 16055 | Lair:2   | Found a staircase to the Shoals.
 16079 | Lair:2   | Found a staircase to the Snake Pit.
 16152 | Lair:2   | Reached skill level 5 in Transmutations
 16269 | Lair:2   | Reached skill level 11 in Fighting
 16390 | Lair:2   | Reached skill level 12 in Fighting
 17582 | Lair:3   | Noticed Gastronok
 17597 | Lair:3   | Killed Gastronok
 17612 | Lair:3   | Upgraded the game from 0.30-a0-393-g54b8e3be05 to
                  | 0.30-a0-394-g3e4acdb0ae
 18252 | Lair:4   | Reached skill level 13 in Fighting
 18284 | Lair:4   | Found a staircase to the Slime Pits.
 18292 | Lair:4   | Noticed a catoblepas
 18569 | Lair:4   | Killed a catoblepas
 18577 | Lair:4   | Found a frozen archway.
 18599 | IceCv    | Entered an ice cave
 18878 | IceCv    | Reached XP level 13. HP: 73/122 MP: 20/30
 19216 | IceCv    | Noticed a reaper
 19228 | IceCv    | Killed a reaper
 20081 | Lair:5   | Entered Level 5 of the Lair of Beasts
 20185 | Lair:5   | Reached skill level 10 in Conjurations
 20981 | Lair:5   | Reached skill level 14 in Fighting
 21005 | Lair:5   | Learned a level 6 spell: Starburst
 21491 | Lair:5   | Reached skill level 15 in Fighting
 21506 | Lair:5   | Reached XP level 14. HP: 124/135 MP: 10/31
 21917 | Lair:5   | Identified the +1 scale mail of Velyadgh {rC+ Regen+}
 22889 | D:12     | Noticed purpskrrrp's ghost (journeyman MfFi)
 22893 | D:12     | Found a runed translucent door.
 22901 | D:12     | Reached skill level 10 in Fire Magic
 23031 | D:12     | Killed purpskrrrp's ghost
 23109 | D:12     | Found the +8 frozen axe "Frostbite" {freezing cloud, *Noise
                  | Fly rC+}
 23451 | D:12     | Found a staircase to the Orcish Mines.
 23730 | D:12     | Identified the +1 robe "Reucim" {rPois}
 23862 | D:12     | Found a portal to a secret trove of treasure.
 23907 | D:13     | Noticed Rupert
 23907 | D:13     | Found a gate to the Vaults.
 23946 | D:12     | Killed Rupert
 24027 | D:13     | Reached skill level 10 in Spellcasting
 24027 | D:13     | Reached skill level 1 in Shields
 24715 | D:13     | Found a one-way gate to the infinite horrors of the Abyss.
 25545 | D:14     | Got the Vellum of the Supportive Excursion
 26190 | D:14     | Found a runed translucent gate.
 26193 | D:14     | Found a runed translucent gate.
 26194 | D:14     | Found a runed translucent gate.
 26194 | D:14     | Noticed Nustrige's ghost (adept OpWn)
 26195 | D:14     | Identified the +3 demon trident "Grim Tooth" {freeze,
                  | rElec}
 26413 | D:15     | Entered Level 15 of the Dungeon
 26980 | D:14     | Learned a level 7 spell: Orb of Destruction
 27298 | D:15     | Reached XP level 15. HP: 141/141 MP: 19/33
 27506 | D:15     | Found a staircase to the Depths.
 28224 | Orc:1    | Entered Level 1 of the Orcish Mines
 28320 | Orc:1    | Found a runed translucent gate.
 28320 | Orc:1    | Identified the +1 plate armour of Plog {Harm rCorr Str+3}
 28321 | Orc:1    | Found a runed translucent gate.
 28321 | Orc:1    | Noticed SirDiesAlot's ghost (journeyman MiHu)
 28322 | Orc:1    | Found a runed translucent gate.
 28460 | Orc:2    | Entered Level 2 of the Orcish Mines
 28658 | Orc:2    | Found Suel's Book Boutique.
 29032 | Orc:2    | Found Xewool's General Store.
 29166 | Orc:2    | Found a staircase to the Elven Halls.
 29171 | Orc:2    | Found Juros's Antique Weapon Shoppe.
 29266 | Orc:2    | Found Qeqor's Firing Range.
 29378 | Orc:2    | Found Wan Jats's Weapon Boutique.
 29486 | Orc:2    | Found Xixirai's Antique Armour Boutique.
 29949 | Snake:1  | Entered Level 1 of the Snake Pit
 30451 | D:4      | Bought the ring "Lidweblo" {rPois rF+ MP+9 Str+2} for 424
                  | gold pieces
 30924 | Snake:2  | Noticed a nagaraja
 30927 | Snake:2  | Noticed Asterion
 30927 | Snake:2  | Killed a nagaraja
 30928 | Snake:2  | Reached skill level 16 in Fighting
 30929 | Snake:2  | Killed Asterion
 31998 | Snake:2  | Noticed Nikola
 32018 | Snake:2  | Killed Nikola
 32019 | Snake:2  | Reached skill level 17 in Fighting
 32612 | Snake:2  | Reached skill level 5 in Shields
 32792 | Snake:2  | Noticed Frances
 32815 | Snake:2  | Killed Frances
 33295 | Snake:3  | Reached XP level 16. HP: 155/155 MP: 28/35
 34255 | Snake:3  | Identified the amulet of Asmefun {RegenMP rN+ Dex+5 Slay-5}
 34847 | Snake:4  | Entered Level 4 of the Snake Pit
 35114 | Snake:4  | Noticed Louise
 35132 | Snake:4  | Killed Louise
 35216 | Snake:4  | Reached skill level 5 in Armour
 35570 | Snake:4  | Noticed Aizul
 35582 | Snake:4  | Killed Aizul
 36445 | Snake:4  | Noticed Vashnia
 36714 | Snake:4  | Noticed Saint Roka
 36719 | Snake:4  | Noticed Agnes
 37006 | Snake:4  | Killed Agnes
 37222 | Snake:4  | Killed Vashnia
 37521 | Snake:4  | Identified the +2 robe of Supple Strength {rPois rF+++
                  | Str-5 Slay+5}
 37931 | Snake:4  | Reached skill level 10 in Dodging
 38228 | Snake:4  | Got a serpentine rune of Zot
 38495 | Vaults:1 | Entered Level 1 of the Vaults
 38916 | Vaults:1 | Reached XP level 17. HP: 140/161 MP: 36/37
 40348 | Vaults:2 | Found Etidun's Antique Weapon Boutique.
 41171 | Vaults:2 | Reached skill level 15 in Conjurations
 41778 | Vaults:2 | Found a transporter.
 41822 | Vaults:2 | Found a transporter.
 43872 | Vaults:3 | Reached skill level 10 in Armour
 43872 | Vaults:3 | Reached XP level 18. HP: 169/169 MP: 31/39
 44554 | Vaults:3 | Found a staircase to the Crypt.
 45152 | Vaults:4 | Reached skill level 10 in Evocations
 45487 | Vaults:4 | Noticed Sojobo
 45517 | Vaults:3 | Killed Sojobo
 46935 | Vaults:4 | Identified the +4 ring mail of Watchfulness {Drain rPois
                  | Str+7}
 48166 | Shoals:1 | Entered Level 1 of the Shoals
 48176 | Shoals:2 | Reached XP level 19. HP: 163/177 MP: 25/40
 48235 | Shoals:2 | Reached skill level 10 in Shields
 48948 | Shoals:4 | Entered Level 4 of the Shoals
 49152 | Shoals:4 | Identified the ring "Cufy" {rPois Will+}
 49242 | Shoals:4 | Identified the +3 sling of the Shore {speed, rCorr}
 49284 | Shoals:4 | Noticed Polyphemus
 49296 | Shoals:4 | Killed Polyphemus
 49527 | Shoals:4 | Got a barnacled rune of Zot
 50483 | Shoals:3 | Learned a level 1 spell: Apportation
 51629 | Shoals:1 | You fall into a shaft and drop 1 floor!
 52658 | Depths:1 | Entered Level 1 of the Depths
 53000 | Depths:1 | Identified the +5 giant spiked club "Woem" {vorpal, rF++
                  | rCorr Int-4 Dex+4}
 53548 | Depths:1 | Identified the +1 leather armour of Caosa {Harm Str+3}
 53576 | Depths:1 | Reached XP level 20. HP: 168/184 MP: 24/43
 54262 | Depths:1 | Found a gateway to Hell.
 54927 | Depths:2 | Reached skill level 18 in Fighting
 55947 | Depths:2 | Found the +2 hood of the Assassin {Detection Stab+ Stlth++}
 56037 | Depths:2 | Identified the ring "Busith" {Fly rF+ rC++ rN+ Slay+6}
 56279 | Depths:2 | Found a one-way gate leading to the halls of Pandemonium.
 56761 | Depths:2 | Reached skill level 19 in Fighting
 56901 | Depths:2 | Noticed Vv
 56931 | Depths:2 | Slain by Vv

Illustrated notes

Levels and vault maps discovered:
D:1:      erik_arrival_cave_to_civilisation [erik_arrival_cave_to_temple],
          layout_loops_ring
D:2:      layout_loops_cross, uniq_natasha
D:3:      layout_loops_ring, lemuel_doored_altar,
          mainiacjoe_overflow_small_starburst,
          mainiacjoe_overflow_concentric_impassable,
          ebering_ecumenical_altar_ruins
D:4:      layout_layer_cave, vehumet_altar_wand_db, temple_statues,
          serial_shops, shop
D:5:      gammafunk_wand_slinger, layout_basic, kennysheep_little_box,
          minmay_fountain_box, nicolae_fountain_basement
D:6:      layout_basic, nicolae_kikubaaqudgha_miasma_corner,
          mainiacjoe_overflow_surrounded_room
D:7:      layout_basic, minmay_statues_item, minmay_between, uniq_duvessa,
          uniq_maggie
D:8:      layout_rooms, nicolae_overflow_hidden_temple, uniq_grum, uniq_psyche,
          uniq_erica
D:9:      layout_cross, mainiacjoe_overflow_chevrons,
          grunt_lair_entry_orc_guard_hut, grunt_ministairs_12
D:10:     layout_small_grid, grunt_temple_overflow_order_and_chaos_2,
          mainiacjoe_overflow_24_doors, marbit_many_paths,
          grunt_ashenzari_visionary [grunt_ashenzari_visionary_shoals,
          grunt_ashenzari_visionary_snake], special_room [special_room_orc],
          nicolae_benzene_ring
D:11:     layout_irregular_city, dreamdust_mushroom_princess
D:12:     minmay_coctagon, layout_cave_pools, erik_orc_3,
          hellmonk_ghost_happy_afterlife, nicolae_trove_entry_diagonal
D:13:     layout_long_grid, david_vaults_3, amcnicky_altar_lugonu_corruption
D:14:     layout_loops_ring, kennysheep_another_room,
          gammafunk_ghost_fury_of_okawaru
D:15:     hangedman_depths_entry_civil_slaughter, layout_loops_ring,
          serial_aquarium, aquarium_bridge_square [aquarium_subvault_window,
          aquarium_subvault_bridge, aquarium_subvault_window,
          aquarium_subvault_wall], aquarium_bridge_straight
          [aquarium_subvault_bridge, aquarium_subvault_wall,
          aquarium_subvault_bridge, aquarium_subvault_wall], aquarium_window_2,
          aquarium_window_corridor_1, aquarium_window_1, aquarium_view_2d,
          aquarium_pool_2, minmay_increasing_density
Lair:1:   layout_cave_pods
Lair:2:   regret_index_bee_streams, layout_long_grid,
          minmay_shoals_entry_beasts, minmay_snake_entry_guardpost_small,
          nicolae_volcano_entry_two_sided, uniq_nergalle, uniq_urug
Lair:3:   layout_chaotic_city, serial_bayou_pond_d, grunt_megastairs_5,
          lemuel_fruit_tree, uniq_gastronok
Lair:4:   layout_regular_city, minmay_slime_entry_jelly_boxes,
          portal_ice_cave_entry_ice_simulacra, nicolae_lair_yak_garden
Lair:5:   minmay_lair_end_frog_pond, layout_long_grid, patterned_corridor
Shoals:1: layout_shoals
Shoals:2: layout_shoals, st_sunken_temple
Shoals:3: layout_shoals, nicolae_shoals_so_close
Shoals:4: shoals_end_simple, layout_shoals, nicolae_shoals_nautilus_by_nature,
          uniq_polyphemus
Snake:1:  layout_misc_corridors, drop_trap
Snake:2:  nicolae_snake_crotalidae_crossing, layout_layer_cave,
          guppyfry_library_mini, uniq_nikola, uniq_asterion, uniq_frances
Snake:3:  layout_layer_cave
Snake:4:  johnstein_snake_rune_scales, layout_concentric_octagons, uniq_vashnia,
          uniq_aizul, uniq_louise, uniq_saint_roka, uniq_agnes
Orc:1:    layout_caves, biasface_ghost_orc_armoury
Orc:2:    grunt_orc_gardens, layout_caves, grunt_orc_garden, grunt_orc_garden,
          grunt_orc_garden, grunt_orc_garden, serial_shops, nicolae_shop_trees,
          nicolae_shop_firing_range
Vaults:1: ontoclasm_vaults_chip, v_alt_pattern_6, v_misc_23,
          nicolae_vaults_asterisk, nicolae_vaults_little_squares_5,
          nicolae_vaults_circle_grid_a, ontoclasm_vaults_misaligned,
          dpeg_vaults_monster_box, vaults_dpeg_emergency_exit,
          layout_vaults_quadrants
Vaults:2: v_rooms_2, serial_ice_h, vaults_dpeg_encased_lava,
          nicolae_vaults_circle_grid_b, ontoclasm_vaults_ligature, v_pattern_4,
          gammafunk_dig_for_victory, hangedman_vaults_restitches,
          nicolae_vaults_network_barrier, nicolae_vaults_network_quinsquares
          [nicolae_vaults_network_quincunx_subvault,
          nicolae_vaults_network_quincunx_subvault,
          nicolae_vaults_network_quincunx_subvault,
          nicolae_vaults_network_quincunx_subvault], vaults_room_door_ring,
          vaults_room_fancy_cross, ontoclasm_vaults_loading_screen,
          nicolae_vaults_little_squares_5, vaults_room_corners,
          layout_vaults_big_cross, serial_shops, shop
Vaults:3: minmay_crypt_entry_vampire_xt, hangedman_vaults_cutoff,
          nicolae_vaults_little_squares_1, nicolae_vaults_ring_of_whatevers,
          hangedman_vaults_nails, nicolae_vaults_network_quincunx
          [nicolae_vaults_network_quincunx_subvault,
          nicolae_vaults_network_quincunx_subvault,
          nicolae_vaults_network_quincunx_subvault,
          nicolae_vaults_network_quincunx_subvault,
          nicolae_vaults_network_quincunx_subvault], vaults_room_stairs_pillars,
          hangedman_vaults_nails, hangedman_vaults_nails,
          nicolae_vaults_twisting_passages, vaults_room_fancy_cross,
          vaults_dpeg_cross, nicolae_vaults_little_squares_5, v_misc_14,
          hangedman_vaults_stretched_pinwheel, layout_vaults_omnibox
Vaults:4: nicolae_vaults_know_your_exits, hangedman_vaults_slice,
          nicolae_vaults_network_star, nicolae_vaults_border_crossing,
          vaults_room_fours, vaults_standard_mumra_enter_the_diamond, v_misc_8,
          vaults_dpeg_doors, layout_vaults_maze_snakey, uniq_sojobo
Depths:1: layout_honeycomb, hangedman_coc_ice_floe, serial_bayou_shore_a,
          hangedman_stitches_earthworm, nicolae_triple_integral
Depths:2: hangedman_six_sided_sadism, layout_gridlike, grunt_pan_entry_spiral,
          hell_entry, uniq_vv

Skill      XL: |  1  2  3  4  5  6  7  8  9 10 11 12 13 14 15 16 17 18 19 20 |
---------------+-------------------------------------------------------------+-----
Spellcasting   | 2 3 4 6 7 9 10 12 14 | 14.0
Fire Magic     | 3 4 5 6 8 9 11 13 | 13.0
Conjurations   | 2 4 5 6 8 9 11 12 14 16 | 16.0
Fighting       | 2 5 6 10 13 15 17 19 | 19.2
Dodging        | 4 5 6 8 10 | 10.0
Evocations     | 5 8 10 | 10.0
Armour         | 2 3 7 10 12 | 12.5
Transmutations | 4 5 7 |  7.0
Shields        | 4 6 9 10 | 10.0
Stealth        | |  1.7

Action                   |  1- 3 |  4- 6 |  7- 9 | 10-12 | 13-15 | 16-18 | 19-21 || total
-------------------------+-------+-------+-------+-------+-------+-------+-------++-------
Melee: Short sword       |    20 |     5 |    43 |    78 |       |       |       ||   146
       Quarterstaff      |     4 |       |       |       |       |       |       ||     4
       Punch             |       |       |       |     3 |       |       |       ||     3
       Hand axe          |       |       |       |    12 |    23 |    11 |     2 ||    48
 Cast: Foxfire           |    44 |    93 |    98 |   225 |   149 |    14 |     2 ||   625
       Scorch            |     2 |    33 |    62 |    68 |    22 |     7 |       ||   194
       Flame Wave        |       |       |    14 |    99 |   123 |    26 |    14 ||   276
       Fireball          |       |       |       |    18 |   101 |   226 |    72 ||   417
       Irradiate         |       |       |       |     2 |    46 |    76 |    40 ||   164
       Starburst         |       |       |       |       |    24 |   169 |   266 ||   459
       Orb of Destructio |       |       |       |       |    91 |   198 |    90 ||   379
       Blink             |       |       |       |       |       |     4 |       ||     4
       Apportation       |       |       |       |       |       |       |     5 ||     5
Evoke: Wand              |       |       |       |       |       |     2 |     3 ||     5
  Use: Scroll            |       |     7 |       |    24 |     3 |     2 |     4 ||    40
       Potion            |       |       |       |       |       |     1 |     1 ||     2
 Stab: Sleeping          |     2 |     2 |     2 |       |       |       |       ||     6
       Distracted        |       |       |       |     1 |       |       |       ||     1
Armor: Robe              |     9 |     5 |     4 |       |       |       |       ||    18
       Steam dragon scal |       |       |    14 |   170 |   189 |   123 |    87 ||   583
Dodge: Dodged            |    24 |    13 |    65 |   211 |   287 |   267 |   154 ||  1021
Block: Buckler           |       |       |       |    11 |    71 |    94 |       ||   176
       Kite shield       |       |       |       |       |       |    81 |   211 ||   292

Table legend: (Time is in decaauts)
 A = Elapsed time spent in this place.
 B = Non-inter-level travel time spent in this place.
 C = Inter-level travel time spent in this place.
 D = Time resting spent in this place.
 E = Time spent auto-exploring this place.
 F = Levels seen in this place.
 G = Mean time per level.
                   A        B        C        D        E       F      G
               +--------+--------+--------+--------+--------+-----+--------+
         Total |  57506 |  53562 |   3944 |  20316 |  23079 |  38 | 1513.3 |
       Dungeon |  20806 |  18618 |   2188 |   6631 |   9179 |  15 | 1387.1 |
          Lair |   7740 |   6918 |    822 |   2384 |   2940 |   5 | 1548.0 |
        Shoals |   4624 |   4499 |    125 |   1323 |   2022 |   4 | 1156.0 |
     Snake Pit |   8152 |   7764 |    388 |   3198 |   3126 |   4 | 2038.0 |
  Orcish Mines |   1581 |   1510 |     71 |    383 |    781 |   2 |  790.5 |
        Vaults |   9488 |   9164 |    324 |   4059 |   3464 |   4 | 2372.0 |
        Depths |   4079 |   4057 |     22 |   1714 |   1429 |   2 | 2039.5 |
      Ice Cave |    998 |    998 |      0 |    623 |    138 |   1 |  998.0 |
       Volcano |     34 |     34 |      0 |      0 |      0 |   1 |   34.0 |
               +--------+--------+--------+--------+--------+-----+--------+

Top non-repeatable levels by time:
 Snake:3: 2778 daAuts
Vaults:3: 2743 daAuts
Vaults:2: 2734 daAuts
 Snake:4: 2335 daAuts
     D:7: 2230 daAuts
Depths:1: 2051 daAuts
Vaults:4: 2049 daAuts
Depths:2: 2028 daAuts
  Lair:2: 2018 daAuts
Vaults:1: 1962 daAuts
 Snake:2: 1910 daAuts
  Lair:4: 1820 daAuts
    D:15: 1733 daAuts
  Lair:1: 1681 daAuts
     D:1: 1554 daAuts
